 Dungeon Crawl Stone Soup version 0.29-a0-356-g7bc237e783 (webtiles) character file.

Game seed: 2159685864763480546

247 croobank the Covert (level 5, -2/22 HPs)
             Began as a Felid Delver on Apr 26, 2022.
             Was a Follower of Hepliaklqana.
             Killed from afar by an orc wizard (7 damage)
             ... with a magic dart
             ... on level 3 of the Dungeon.
             The game lasted 00:19:21 (3339 turns).

croobank the Covert (Felid Delver)                  Turns: 3339, Time: 00:19:22

Health: -2/22      AC:  1    Str:  8    XL:     5   Next: 85%
Magic:  1/6        EV: 19    Int: 13    God:    Hepliaklqana [*.....]
Gold:   129        SH:  0    Dex: 18    Spells: 0/4 levels left
                                        Lives:  0   Deaths: 1

rFire   + . .      SeeInvis +     - Unarmed
rCold   . . .      Faith    .   (shield unavailable)
rNeg    + . .      Spirit   .   (body armour unavailable)
rPois   .          Reflect  .   (helmet unavailable)
rElec   .          Harm     .   (cloak unavailable)
rCorr   .          Rampage  .   (gloves unavailable)
Will    .....                   (boots unavailable)
Stlth   ++++......              i - amulet of regeneration
HPRegen 0.87/turn               b - ring of positive energy
MPRegen 0.10/turn               (no ring)

@: very slightly contaminated, unable to read, quick
A: reduced essence, very small, claws 1, fangs 3, see invisible, speed 1, shaggy
fur 1, stealthy paws, no weapons or thrown items, no armour, multi-lived, fire
resistance 1, inability to read while threatened
a: Renounce Religion, Recall Ancestor, Ancestor Identity


You were on level 3 of the Dungeon.
You worshipped Hepliaklqana.
Hepliaklqana was aware of your devotion.
You visited 2 branches of the dungeon, and saw 5 of its levels.

You collected 129 gold pieces.

Inventory:

Jewellery
 b - a ring of positive energy (left paw)
 i - an amulet of regeneration (around neck)
Wands
 a - a wand of polymorph (5)
 e - a wand of digging (3)
Scrolls
 d - a scroll of identify
 f - a scroll of teleportation
 g - 2 scrolls of silence
 h - a scroll of noise
 k - a scroll of enchant armour {unknown}
Potions
 c - 3 potions of flight


   Skills:
 + Level 4.3 Fighting
 + Level 5.0 Dodging
 + Level 8.1 Stealth
 + Level 3.7 Unarmed Combat


You couldn't memorise any spells.
You knew the following spells:

 Your Spells              Type           Power      Damage    Failure   Level
a - Magic Dart            Conj           0%         1d3       30%         1
b - Ozocubu's Armour      Ice            0%         N/A       67%         3

Your spell library contained the following spells:

 Spells                   Type           Power      Damage    Failure   Level
 Orb of Destruction       Conj           0%         9d5       100%        7
 Ozocubu's Refrigeration  Ice            0%         4d5       100%        7
 Fire Storm               Conj/Fire      0%         5d1       100%        9


Dungeon Overview and Level Annotations

Branches:
Dungeon (5/15)             Temple (1/1) D:5

Altars:
Elyvilon
Hepliaklqana
Kikubaaqudgha
Makhleb
Nemelex Xobeh
Okawaru
Qazlal
Xom
Zin
The Shining One

Annotations:
D:5 Menkaure


Innate Abilities, Weirdness & Mutations

Your life essence is reduced to manifest your ancestor. (-10% HP)
You have sharp claws.
You have razor-sharp teeth.
You have supernaturally acute eyesight. (SInv)
You cover ground quickly. (Speed+)
You are covered in fur. (AC +1)
Your paws help you pounce on unaware monsters.
You are incapable of wielding weapons or throwing items.
You cannot wear armour.
You gain extra lives every three experience levels.
Your flesh is heat resistant. (rF+)
You sometimes lose the ability to read scrolls when taking damage.


Message History

You are too injured to fight recklessly!
You are too injured to fight recklessly!
Casting: Magic Dart (safe; 30% risk of failure)
Confirm with . or Enter, or press ? or * to list all spells.
You don't have enough magic to cast this spell.
Your magical contamination has completely faded away.
Casting: Magic Dart (safe; 30% risk of failure)
Confirm with . or Enter, or press ? or * to list all spells.
Aiming: Magic Dart (safe; 30% risk of failure)
Press: ? - help, Shift-Dir - straight line, f - orc wizard
Aim: an orc wizard, wielding a +0 dagger of speed and wearing a +0 robe (100% to hit)
You miscast Magic Dart.
You are very lightly contaminated with residual magic.
Nothing appears to happen.
Casting: Magic Dart (safe; 30% risk of failure)
Confirm with . or Enter, or press ? or * to list all spells.
You don't have enough magic to cast this spell.
Okay, then.
The orc wizard casts a spell at you. The magic dart hits you.
There is a stone staircase leading down here.
You see here the felid skeleton of croobank.
You scratch the orc wizard.
The orc wizard is lightly wounded.
The orc wizard misses you.
You scratch the orc wizard.
The orc wizard is moderately wounded.
The orc wizard points at you and mumbles some strange words.
The magic dart hits you!
You feel threatened and lose the ability to read scrolls!
* * * LOW HITPOINT WARNING * * *
You scratch the orc wizard.
The orc wizard is heavily wounded.
The orc wizard hits you with a +0 dagger of speed.
* * * LOW HITPOINT WARNING * * *
Okay, then.
You cannot read scrolls in your current state!
The orc wizard casts a spell at you. The magic dart hits you!
You die...

#.. #.. ##. ###. ########
#... #########.>....#
#...
#.......#o####.#######...
#<#####.#.###.......##.#.
#.#####.@......####.##...
#.#........#.....##...###
#.#..##.#.#####.#####..#
#.......#.# #.#####..#
###....##.# #....##..#
#.##.##.# ##....##.##
#.##....####.....####
#.<.....))..._....).# #
##......##.....####.###


You could see an orc wizard.

Vanquished Creatures
  2 ogres
  A hound (D:4)
  Ijyb (D:3)
  2 orc wizards
  An adder (D:2)
  A dart slug (D:3)
  8 orcs
  A ball python (D:3)
  3 endoplasms
  A giant cockroach (D:4)
  A goblin (D:2)
  5 hobgoblins
  3 quokkas
  5 bats
  A frilled lizard (D:2)
  5 kobolds
  2 rats (D:2)
43 creatures vanquished.

Vanquished Creatures (collateral kills)
  2 orcs (D:3)
  2 endoplasms
  A goblin (D:3)
  A kobold (D:2)
6 creatures vanquished.

Vanquished Creatures (others)
  5 ancestors
5 creatures vanquished.

Grand Total: 54 creatures vanquished

Notes
Turn   | Place    | Note
-------+----------+-------------------------------------------
     0 | D:5      | croobank the Felid Delver began the quest for the Orb.
     0 | D:5      | Reached XP level 1. HP: 10/10 MP: 2/2
    15 | D:5      | Found a staircase to the Ecumenical Temple.
    39 | Temple   | Entered the Ecumenical Temple
   137 | Temple   | Became a worshipper of Hepliaklqana the Forgotten
   179 | D:5      | Noticed Menkaure
   283 | D:5      | Noticed a hound
   297 | D:5      | Noticed a jelly
   298 | D:5      | Noticed a scorpion
   453 | D:4      | Noticed an ogre
   491 | D:4      | Noticed a hound
   730 | D:3      | Noticed an orc wizard
   740 | D:2      | Reached XP level 2. HP: 6/14 MP: 3/3
  1182 | D:2      | Got Qakeoj's Incunabulum of Attacks
  1304 | D:2      | Reached * piety under Hepliaklqana
  1365 | D:2      | Learned a level 1 spell: Magic Dart
  1495 | D:2      | Reached XP level 3. HP: 15/15 MP: 4/4
  1627 | D:2      | Found a faded altar of an unknown god.
  1709 | D:2      | Reached skill level 7 in Stealth
  1875 | D:3      | Noticed an ogre
  2144 | D:3      | Found a glowing golden altar of the Shining One.
  2145 | D:3      | Noticed Ijyb
  2155 | D:3      | Gained mutation: You sometimes lose the ability to read
                  | scrolls when taking damage. [potion of mutation]
  2155 | D:3      | Gained mutation: Your flesh is heat resistant. (rF+)
                  | [potion of mutation]
  2199 | D:3      | Killed Ijyb
  2200 | D:3      | Reached XP level 4. HP: 17/18 MP: 5/5
  2739 | D:3      | Killed an ogre
  2740 | D:3      | Reached XP level 5. HP: 22/22 MP: 6/6
  2789 | D:3      | HP: 1/22 [orc wizard/puff of flame (3)]
  2792 | D:3      | Slain by an orc
  2793 | D:3      | Reached XP level 4. HP: 0/28 MP: 4/5
  2938 | D:4      | Killed an ogre
  2939 | D:4      | Reached skill level 8 in Stealth
  2939 | D:4      | Reached XP level 5. HP: 12/22 MP: 6/6
  3087 | D:4      | Noticed a phantom
  3099 | D:4      | Learned a level 3 spell: Ozocubu's Armour
  3216 | D:4      | Reached skill level 5 in Dodging
  3339 | D:3      | Killed from afar by an orc wizard

Illustrated notes

Levels and vault maps discovered:
D:2:      layout_basic, shapermc_ecumenical_altar_hornbeckon,
          minmay_indecisive_spiral
D:3:      layout_loops_cross, nicolae_overflow_crystal_walls,
          minmay_pentomino_pile, uniq_ijyb
D:4:      layout_loops_corners
D:5:      layout_loops_ring, nicolae_overflow_hallway_of_the_gods,
          minmay_temple_entry_wispy, grunt_ministairs_13, uniq_menkaure
Temple:   dpeg_three_leaves_temple

Skill      XL: |  1  2  3  4  5 |
---------------+----------------+-----
Dodging        | 3 4 5 |  5.0
Stealth        | 7 8 |  8.1
Unarmed Combat | 3 |  3.7
Fighting       | 4 |  4.3

Action                   |  1- 3 |  4- 6 || total
-------------------------+-------+-------++-------
Melee: Unarmed           |   112 |    51 ||   163
       Bite              |    10 |     5 ||    15
       Punch             |     2 |     2 ||     4
 Cast: Magic Dart        |     6 |    10 ||    16
Invok: Recall Ancestor   |       |     2 ||     2
  Use: Scroll            |     9 |     1 ||    10
       Potion            |     5 |     3 ||     8
 Stab: Sleeping          |     9 |     3 ||    12
       Confused          |     1 |       ||     1
Armor: Skin              |     5 |     3 ||     8
Dodge: Dodged            |    78 |    46 ||   124

Table legend: (Time is in decaauts)
 A = Elapsed time spent in this place.
 B = Non-inter-level travel time spent in this place.
 C = Inter-level travel time spent in this place.
 D = Time resting spent in this place.
 E = Time spent auto-exploring this place.
 F = Levels seen in this place.
 G = Mean time per level.
                   A        B        C        D        E       F      G
               +--------+--------+--------+--------+--------+-----+--------+
         Total |   2906 |   2802 |    104 |    946 |    945 |   5 |  581.2 |
       Dungeon |   2816 |   2723 |     93 |    946 |    906 |   4 |  704.0 |
        Temple |     90 |     80 |     10 |      0 |     39 |   1 |   90.0 |
               +--------+--------+--------+--------+--------+-----+--------+

Top non-repeatable levels by time:
     D:3: 1033 daAuts
     D:2: 975 daAuts
     D:4: 595 daAuts
     D:5: 211 daAuts
  Temple: 90 daAuts
